 Dungeon Crawl Stone Soup version 0.31-a0-889-g1a8549509d (webtiles) character file.

Game seed: 8166496771192345801

4216 p00ps00p the Cleaver (level 10, -13/90 HPs)
             Began as a Hill Orc Fighter on Oct 16, 2023.
             Killed from afar by a smoke demon (24 damage)
             ... with a ball of steam
             ... on level 1 of the Abyss.
             The game lasted 00:18:26 (8064 turns).

p00ps00p the Cleaver (Hill Orc Fighter)             Turns: 8064, Time: 00:18:27

Health: -13/90     AC: 15    Str: 24    XL:     10   Next: 30%
Magic:  10/10      EV:  8    Int:  8    God:
Gold:   107        SH:  9    Dex: 12    Spells: 9/9 levels left

rFire   x . .        L - +2 war axe (freeze)
rCold   + . .        c - +3 buckler
rNeg    . . .        C - +0 chain mail
rPois   .            n - +2 helmet of Coemyfru {Dex+2}
rElec   .            b - scarf {repulsion}
rCorr   .            I - +0 pair of gloves
SInv    .            (no boots)
Will    .....        k - amulet of regeneration Stlth
                     m - ring of ice
HPRegen 1.15/turn    (no ring)
MPRegen 0.12/turn

%: repel missiles
@: about to teleport, hasted, very quick
A: no striking features
a: no special abilities


You were on level 1 of the Abyss.
You visited 2 branches of the dungeon, and saw 9 of its levels.
You visited the Abyss 1 time.
You also visited: Sewer.

You collected 437 gold pieces.
You spent 330 gold pieces at shops.

Inventory:

Hand Weapons
 a - a +0 war axe
 j - a +2 dagger of speed
 F - a +4 flail of freezing
 K - a +0 scimitar of flaming
 L - a +2 war axe of freezing (weapon)
Missiles
 i - 105 stones
 p - 58 poisoned darts (quivered)
 G - a throwing net
Armour
 b - a scarf of repulsion (worn)
 c - a +3 buckler (worn)
 n - the +2 helmet of Coemyfru (worn) {Dex+2}
   (You found it on level 3 of the Dungeon)

   Dex+2:     It affects your dexterity (+2).
 t - a +0 helmet of intelligence
 y - a scarf of invisibility
 C - a +0 chain mail (worn)
 I - a +0 pair of gloves (worn)
 J - a +1 helmet of see invisible
Jewellery
 k - an amulet of regeneration (around neck)
 m - a ring of ice (left hand)
 E - an amulet of guardian spirit
Talismans
 v - a blade talisman
Wands
 A - a wand of mindburst (2)
Scrolls
 l - a scroll of immolation
 q - a scroll of poison
 s - a scroll of identify
 u - a scroll of butterflies
 w - a scroll of amnesia
 D - a scroll of revelation
 H - a scroll of enchant weapon {unknown}
Potions
 d - a potion of mutation
 e - 2 potions of curing
 f - a potion of haste
 h - 2 potions of brilliance
 x - a potion of degeneration
 z - a potion of magic {unknown}
 B - a potion of berserk rage {unknown}


   Skills:
 + Level 8.5 Fighting
 + Level 8.8 Axes
 * Level 6.5 Throwing
 + Level 7.7 Armour
 + Level 7.6 Shields


You had 9 spell levels left.
You didn't know any spells.
Your spell library contained the following spells:

 Spells                   Type           Power      Damage    Failure   Level
 Kiss of Death            Conj/Necr      0%         2d5       94%         1
 Blink                    Tloc           0%         N/A       98%         2
 Cigotuvi's Dreadful Rot  Necr/Pois/Air  0%         N/A       98%         2
 Ensorcelled Hibernation  Hex/Ice        0%         N/A       98%         2
 Passwall                 Tmut/Erth      0%         N/A       98%         2
 Static Discharge         Conj/Air       0%         2-2/arc   98%         2
 Confusing Touch          Hex            0%         N/A       100%        3
 Dazzling Flash           Conj/Hex       0%         N/A       100%        3
 Swiftness                Air            0%         N/A       100%        3
 Volatile Blastmotes      Fire/Tloc      0%         2d10      100%        3
 Airstrike                Air            0%         2d(0-16)  100%        4
 Dispel Undead            Necr           0%         3d6       100%        4
 Manifold Assault         Tloc           0%         N/A       100%        4
 Summon Lightning Spire   Summ/Air       0%         N/A       100%        4
 Death Channel            Necr           0%         N/A       100%        6
 Starburst                Conj/Fire      0%         6d3       100%        6
 Maxwell's Capacitive Co  Air            0%         ∞         100%        8


Dungeon Overview and Level Annotations

Branches:
Dungeon (8/15)             Temple (1/1) D:6           Sewer (visited)
   Lair: D:8-11

Altars:
Ashenzari
Cheibriados
Dithmenos
Elyvilon
Fedhas
Hepliaklqana
Kikubaaqudgha
Makhleb
Okawaru
Ru
Sif Muna
Trog
Uskayaw
Vehumet
Wu Jian
Xom
Yredelemnul
Zin
The Shining One

Shops:
D:2 [


Message History

You hit the smoke demon but do no damage.
The smoke demon barely misses you. The smoke demon closely misses you.
The smoke demon barely misses you. You block the ufetubus's attack.
The ufetubus hits you but does no damage.
You block the ufetubus's attack. x2
The smoke demon gestures at you. The ball of steam hits you!
The steam scalds you terribly!
You slash the ufetubus!
You kill the ufetubus!
You are engulfed in a cloud of scalding steam.
The smoke demon gestures at you. Something smites you!
The smoke demon hits you but does no damage.
The smoke demon closely misses you. The smoke demon hits you.
You completely miss the smoke demon. The smoke demon gestures at you.
The ball of steam misses you.
You barely miss the smoke demon.
You are engulfed in a cloud of scalding steam.
The smoke demon gestures at you. Something smites you!
* * * LOW HITPOINT WARNING * * *
As you read the scroll of teleportation, it crumbles to dust.
You feel strangely unstable.
You feel the power of the Abyss delaying your translocation!
You are engulfed in a cloud of scalding steam.
* * * LOW HITPOINT WARNING * * *
The smoke demon hits you but does no damage.
You block the smoke demon's attack. The smoke demon closely misses you.
You feel better. The smoke demon gestures at you. Something smites you!
* * * LOW HITPOINT WARNING * * *
A flying skull comes into view.
You feel yourself speed up.
The flying skull gives a hideous shriek!
The smoke demon gestures at you. The ball of steam hits you!!
The steam scalds you terribly!
You die...

.. .# .. . #
#### ## §#. #.
.##..#
#..#.##...#
#..@3>.#
#.....#..#..z..#
.....#..###....#
..## #.#. .####
# ## # . . . ..


You could see a smoke demon and a flying skull.

Vanquished Creatures
  Erica (D:8)
  Sigmund (D:6)
  A wyvern (D:8)
  A steam dragon (D:6)
  Menkaure (D:7)
  2 water moccasins
  2 black bears
  An ice beast (D:5)
  3 ogres
  A phantom (D:6)
  3 bullfrogs
  8 kobold brigands
  A gnoll sergeant (D:8)
  2 scorpions (D:5)
  5 wights
  5 killer bees (D:7)
  4 howler monkeys (D:8)
  4 hounds
  A jelly (D:6)
  An orc priest (D:7)
  2 iguanas
  5 orc wizards
  3 sleepcaps
  A gnoll (D:8)
  8 adders
  2 river rats (Sewer)
  3 white imps
  2 ufetubi (Abyss:1)
  5 worms (Sewer)
  2 dart slugs
  20 orcs
  14 ball pythons
  9 endoplasms
  3 giant cockroaches (D:3)
  13 goblins
  8 hobgoblins
  12 quokkas
  3 bats
  2 frilled lizards (D:1)
  20 kobolds
  8 rats
193 creatures vanquished.

Notes
Turn   | Place    | Note
-------+----------+-------------------------------------------
     0 | D:1      | p00ps00p the Hill Orc Fighter began the quest for the Orb.
     0 | D:1      | Reached XP level 1. HP: 19/19 MP: 1/1
   178 | D:1      | Reached XP level 2. HP: 27/27 MP: 2/2
   577 | D:1      | Reached XP level 3. HP: 33/33 MP: 3/3
  1007 | D:2      | Reached XP level 4. HP: 40/40 MP: 4/4
  1277 | D:2      | Found Duwih's Antique Armour Shop.
  1570 | D:3      | Identified the +2 helmet of Coemyfru {Dex+2}
  1977 | D:3      | Found a glowing drain.
  1984 | D:3      | Reached XP level 5. HP: 47/47 MP: 5/5
  2001 | Sewer    | Entered a sewer
  2188 | Sewer    | Noticed a kobold brigand
  2188 | Sewer    | Noticed a kobold brigand
  2205 | Sewer    | Killed a kobold brigand
  2216 | Sewer    | Killed a kobold brigand
  2217 | Sewer    | Reached skill level 5 in Fighting
  2217 | Sewer    | Reached XP level 6. HP: 55/56 MP: 6/6
  2413 | Sewer    | Reached skill level 5 in Axes
  2458 | Sewer    | Reached skill level 5 in Armour
  2458 | Sewer    | Reached skill level 5 in Shields
  2458 | Sewer    | Reached XP level 7. HP: 56/61 MP: 7/7
  3168 | D:4      | Reached skill level 1 in Throwing
  3472 | D:4      | Reached XP level 8. HP: 65/70 MP: 8/8
  3485 | D:4      | Found a snail-covered altar of Cheibriados.
  3566 | D:4      | Found a hazy altar of Hepliaklqana.
  3801 | D:5      | Entered Level 5 of the Dungeon
  4115 | D:5      | Found an ornate altar of the Wu Jian Council.
  4270 | D:5      | Found a shimmering altar of Xom.
  4877 | D:6      | Reached XP level 9. HP: 44/79 MP: 9/9
  4933 | D:6      | Noticed Sigmund
  4944 | D:6      | Killed Sigmund
  5141 | D:6      | Found a staircase to the Ecumenical Temple.
  5151 | Temple   | Entered the Ecumenical Temple
  5648 | D:7      | Reached skill level 5 in Throwing
  5699 | D:7      | Noticed Menkaure
  5706 | D:7      | Killed Menkaure
  6156 | D:7      | Found an ancient bone altar of Kikubaaqudgha.
  7035 | D:8      | Noticed Erica
  7421 | D:2      | Bought a shiny helmet for 127 gold pieces
  7421 | D:2      | Bought a pair of gloves for 76 gold pieces
  7421 | D:2      | Bought a glowing helmet for 127 gold pieces
  7563 | D:8      | Killed Erica
  7564 | D:8      | Reached XP level 10. HP: 76/90 MP: 10/10
  7997 | Abyss:1  | Cast into level 1 of the Abyss (gnoll)
  8052 | Abyss:1  | Noticed a smoke demon
  8064 | Abyss:1  | Killed from afar by a smoke demon

Illustrated notes

Levels and vault maps discovered:
D:1:      lightli_arrival_boilingwater, layout_basic, minmay_box_of_dots
D:2:      layout_rooms, serial_shops, shop_statue, minmay_tree_intersection
D:3:      layout_loops_corners, gup_sewer_entry_pipe
D:4:      layout_gridville, lemuel_tele_altar,
          mainiacjoe_overflow_surrounded_room
D:5:      layout_basic, old_standard_altar, kennysheep_little_box
D:6:      layout_cave_pods, minmay_temple_entry_drinking_statues, uniq_sigmund
D:7:      layout_gridville, mainiacjoe_overflow_alcove_2, uniq_menkaure
D:8:      layout_rooms, uniq_erica
Temple:   nicolae_temple_superstar
Abyss:1:  base:
D:3

Skill      XL: |  1  2  3  4  5  6  7  8  9 |
---------------+----------------------------+-----
Axes           | 3 4 5 6 7 8 |  8.8
Fighting       | 4 5 6 7 8 |  8.5
Armour         | 4 5 6 7 |  7.7
Shields        | 4 5 6 7 |  7.6
Throwing       | 1 4 6 |  6.5

Action                     |  1- 3 |  4- 6 |  7- 9 | 10-12 || total
---------------------------+-------+-------+-------+-------++-------
  Melee: War axe           |   108 |   180 |   404 |    37 ||   729
  Throw: Stone             |     3 |     1 |       |       ||     4
         Dart              |       |     6 |     4 |       ||    10
  Evoke: Wand              |       |       |    13 |       ||    13
    Use: Scroll            |     6 |     1 |    15 |     1 ||    23
         Potion            |       |       |     5 |     2 ||     7
 Armour: Scale mail        |    82 |   102 |   174 |       ||   358
         Chain mail        |       |       |   208 |    34 ||   242
  Dodge: Dodged            |    53 |    66 |   191 |    15 ||   325
  Block: Buckler           |    36 |    69 |   169 |    21 ||   295

Table legend: (Time is in decaauts)
 A = Elapsed time spent in this place.
 B = Non-inter-level travel time spent in this place.
 C = Inter-level travel time spent in this place.
 D = Time resting spent in this place.
 E = Time spent auto-exploring this place.
 F = Levels seen in this place.
 G = Mean time per level.
                   A        B        C        D        E       F      G
               +--------+--------+--------+--------+--------+-----+--------+
         Total |   8423 |   7612 |    811 |    700 |   5020 |  11 |  765.7 |
       Dungeon |   7489 |   6695 |    794 |    700 |   4499 |   8 |  936.1 |
        Temple |     89 |     72 |     17 |      0 |      0 |   1 |   89.0 |
         Abyss |     67 |     67 |      0 |      0 |     42 |   1 |   67.0 |
         Sewer |    777 |    777 |      0 |      0 |    479 |   1 |  777.0 |
               +--------+--------+--------+--------+--------+-----+--------+

Top non-repeatable levels by time:
     D:7: 1615 daAuts
     D:6: 1145 daAuts
     D:3: 1054 daAuts
     D:4: 978 daAuts
     D:1: 971 daAuts
   Sewer: 777 daAuts
     D:5: 761 daAuts
     D:2: 652 daAuts
     D:8: 308 daAuts
  Temple: 89 daAuts
 Abyss:1: 67 daAuts
